Arrhythmia, chaotic female vampiric Convict ------- ------------- |.^<..| |...........- ##|.....| -------- |...........| #......| |......| |...........| ###-.--.-- ##-......| ---.----.----################[# # # # # |......| ########### -*-------# ### # ### ---.---- ----- # |.......|# # # # # |...| ##########%####)## |.......|### ### # # |...| #-------------- # |....>..|######### ######### # |...| #|............-######........| -.----------# ### |...| #|#{#{..)......### # |%......| |...........# # |....##@q##|.........{...##### --------- |..........|########### ----- -----------..- ### |..........| -|-.- # # |..........| |...| *# ##################...........| |...| *# |..........| |...| 0# ------------ |...| ----- Arrhythmia the Jail-bird Experience level: 9 Strength: 16 Dexterity: 12 Constitution: 20 Intelligence: 11 Wisdom: 9 Charisma: 10 Health: 0(102) Energy: 48(48) AC: 10 Gold: 0 Moves: 6674 Spells known in the end: Name Level Category Fail Memory a - protection 1 clerical 25% [||||||..] Your skills at the end: Fighting Skills Weapon Skills flail [Basic / Expert] sling [Basic / Skilled] Spellcasting Skills Final Attributes: You were piously aligned. Hunger level was 483. Your alignment was 43 / 43. Monster difficulty range was 1 - 9. Level difficulty was 10. You were immune to poison. You were immune to level-drain. You were immune to sickness. You could fly. You could survive without air. You regenerated. Your luck was zero. You are dead. Vanquished creatures: a black pudding 2 long worms a stalker a pyrolisk a dwarf king 2 wraiths a leather golem a giant beetle a quivering blob 4 wolves 3 leprechauns a scorpion 2 horses 2 dwarf mummies 3 lizards a dog a jaguar a white unicorn a gray unicorn a dust vortex a plains centaur 2 snakes an ape a rope golem a soldier ant a snow ant 9 bugbears a wood nymph a water nymph an orc shaman a rock piercer 2 rock moles a pony a fog cloud a yellow light a shrieker 3 gnome lords a gnomish wizard a kobold mummy a guardian naga hatchling 9 elf zombies a wax golem a baby crocodile 2 giant ants 3 floating eyes 5 dwarves 5 hill orcs a centipede a giant bat a dwarf zombie 2 iguanas 10 killer bees an acid blob 3 coyotes a gas spore 3 hobbits 5 manes 2 large kobolds 16 hobgoblins 3 giant rats a red mold 16 gnomes 6 garter snakes 6 geckos 6 jackals a kobold 6 goblins 4 sewer rats 2 grid bugs 7 lichens 2 kobold zombies 2 newts 197 creatures vanquished. Voluntary challenges: You went without food. You never hit with a wielded weapon. You read items or engraved 13 times. You put on armor 30 times. You never genocided any monsters. You never polymorphed an object. You never changed form. You used no wishes. You abstained from Elbereth's help. You never encountered a bones level. You never used any Sokoban shortcuts. Dungeon overview: The Dungeons of Doom: levels 1 to 11 Level 1 a fountain a long staircase Level 2 a fountain Level 3 an altar to Tymora stairs to The Gnomish Mines Level 4 (Succ) a fountain, a sink Level 5 a fountain Level 6 (Succ in potentia) a sink, a throne Level 7 many fountains Level 8 some fountains stairs to Sokoban Level 9 a fountain, a throne stairs to Town Level 10 (Ninfae) <- You were here some fountains, some trees Level 11 a sink The Gnomish Mines: Level 4 stairs to The Dungeons of Doom Sokoban: Level 7 a magic chest stairs to The Dungeons of Doom Town: levels 7 to 8 Level 7 a fountain, a tree Level 8 stairs to The Dungeons of Doom History has recorded: On T:1 you entered the Dungeons of Doom to retrieve the Amulet of Yendor! On T:629 you reached level 2 of The Dungeons of Doom. On T:665 you advanced to experience level 2. On T:964 you advanced to experience level 3. On T:1071 you advanced to experience level 4. On T:1087 you reached level 3 of The Dungeons of Doom. On T:1271 you reached level 1 of The Gnomish Mines. On T:1286 you advanced to experience level 5. On T:1564 you advanced to experience level 6. On T:1943 you advanced to experience level 7. On T:2157 you reached level 4 of The Dungeons of Doom. On T:2451 you reached level 5 of The Dungeons of Doom. On T:2875 you reached level 6 of The Dungeons of Doom. On T:3092 you advanced to experience level 8. On T:3536 you reached level 7 of The Dungeons of Doom. On T:3909 you reached level 8 of The Dungeons of Doom. On T:4078 you reached level 3 of Sokoban. On T:4849 you reached level 9 of The Dungeons of Doom. On T:4889 you advanced to experience level 9. On T:5208 you reached level 3 of Town. On T:5398 you reached level 2 of Town. On T:5548 you reached level 10 of The Dungeons of Doom. On T:5949 you reached level 11 of The Dungeons of Doom. Latest messages: You see here a dagger. You see here a very rotten dwarf king corpse. Wait! There's something there you can't see! It tries to rob you, but there is nothing to steal! You attack thin air. The leocrotta hits! The leocrotta bites! The leocrotta hits! (2x) The leocrotta bites! The leocrotta hits! [HP-42=60] You miss the leocrotta. You bite the leocrotta. You feed on the lifeblood. The leocrotta suddenly seems weaker! The leocrotta hits! The leocrotta bites! The leocrotta hits! [HP-22=38] You hit the leocrotta. You bite the leocrotta. You feed on the lifeblood. The leocrotta suddenly seems weaker! The leocrotta hits! The leocrotta bites! The leocrotta hits! (2x) The leocrotta bites! You die... Not carrying anything. Final status: Goodbye Arrhythmia the Convict... You died in The Dungeons of Doom on dungeon level 10 with 13034 points, and 0 pieces of gold, after 6674 moves. You were level 9 with a maximum of 102 hit points when you died.